 Dungeon Crawl Stone Soup version 0.29-a0-529-gfa20dd96a1 (webtiles) character file.

Game seed: 18446443064996570253

520 Hubjo the Firebug (level 7, -4/41 HPs)
             Began as a Deep Elf Fire Elementalist on June 1, 2022.
             Was an Initiate of the Shining One.
             Killed from afar by an oklob plant (25 damage)
             ... with a splash of acid
             ... created by the enmity of Fedhas Madash
             ... on level 4 of the Dungeon.
             The game lasted 00:06:39 (6500 turns).

Hubjo the Firebug (Deep Elf Fire Elementalist)      Turns: 6500, Time: 00:06:40

Health: -4/41      AC:  1    Str:  5    XL:     7   Next: 1%
Magic:  8/16       EV: 12    Int: 22    God:    the Shining One [......]
Gold:   189        SH:  0    Dex: 15    Spells: 11/16 levels left

rFire   . . .      SeeInvis .   l - +1 short sword (speed)
rCold   . . .      Faith    .   (no shield)
rNeg    . . .      Spirit   .   a - +0 robe
rPois   +          Reflect  .   (no helmet)
rElec   .          Harm     .   (no cloak)
rCorr   .          Rampage  .   (no gloves)
Will    .....                   n - +2 pair of boots
Stlth   +.........              (no amulet)
HPRegen 0.13/turn               i - ring of poison resistance
MPRegen 0.15/turn               (no ring)

@: corroded, very slightly contaminated, glowing
A: no striking features
a: Renounce Religion


You were on level 4 of the Dungeon.
You worshipped the Shining One.
The Shining One was noncommittal.
You visited 1 branch of the dungeon, and saw 4 of its levels.

You collected 189 gold pieces.

Inventory:

Hand Weapons
 l - a +1 short sword of speed (weapon)
Armour
 a - a +0 robe (worn)
 n - a +2 pair of boots (worn)
Jewellery
 g - a ring of magical power
 i - a ring of poison resistance (left hand)
Scrolls
 h - a scroll of enchant armour
 k - a scroll of poison
 m - 2 scrolls of silence
 o - a scroll of fear
Potions
 b - a potion of magic
 d - a potion of cancellation {unknown}
 e - a potion of attraction
 f - a potion of degeneration {unknown}
 j - a potion of might {unknown}
 p - a potion of ambrosia


   Skills:
 + Level 3.1 Fighting
 - Level 2.4 Dodging
 + Level 4.8 Stealth
 + Level 5.3 Spellcasting
 - Level 1.1 Conjurations
 * Level 5.5 Fire Magic


You had 11 spell levels left.
You knew the following spells:

 Your Spells              Type           Power      Damage    Failure   Level
a - Foxfire               Conj/Fire      80%        2x1d8     2%          1
b - Flame Wave            Conj/Fire      20%        2d7       26%         4

Your spell library contained the following spells:

 Spells                   Type           Power      Damage    Failure   Level
 Scorch                   Fire           60%        2d8       1%          2
 Conjure Flame            Conj/Fire      20%        6-21      8%          3
 Inner Flame              Hex/Fire       17%        N/A       10%         3
 Ensorcelled Hibernation  Hex/Ice        10%        N/A       16%         2
 Stone Arrow              Conj/Erth      16%        3d8       24%         3
 Spider Form              Tmut/Pois      5%         N/A       30%         3
 Anguish                  Hex/Necr       2%         N/A       69%         4
 Animate Armour           Summ/Erth      10%        N/A       69%         4
 Lehudib's Crystal Spear  Conj/Erth      4%         10d3      100%        8


Dungeon Overview and Level Annotations

Branches:
Dungeon (4/15)
 Temple: D:4-7

Altars:
Fedhas
Nemelex Xobeh
Okawaru
The Shining One

Shops:
D:1 *

Annotations:
D:4 exclusion: oklob plant, Dowan, Duvessa


Message History

Your foxfire dissipates!
You see here a +0 club.
Plants grow around you in an ominous manner.
Marking area around an oklob plant as unsafe for travelling.
An oklob plant comes into view.
Okay, then.
Okay, then.
As you read the scroll of immolation, it crumbles to dust.
The creatures around you are filled with an inner flame!
Casting: Foxfire (safe; 2% risk of failure)
Confirm with . or Enter, or press ? or * to list all spells.
The spell is quite dangerous to miscast (26% risk of failure)!
Continue anyway?
Casting: Flame Wave (quite dangerous; 26% risk of failure)
Press: ? - help, Dir - look around, f - activate You miscast Flame Wave.
You are very lightly contaminated with residual magic.
Nothing appears to happen.
The wandering mushroom barely misses you.
The wandering mushroom closely misses you.
Casting: Flame Wave (quite dangerous; 26% risk of failure)
Confirm with . or Enter, or press ? or * to list all spells.
The spell is quite dangerous to miscast (26% risk of failure)!
Continue anyway?
Casting: Flame Wave (quite dangerous; 26% risk of failure)
Press: ? - help, Dir - look around, f - activate You miscast Flame Wave.
Nothing appears to happen.
The wandering mushroom releases spores at you.
You are engulfed in a cloud of spores!
The oklob plant spits acid at you. The splash of acid hits you!
The acid corrodes you!
The wandering mushroom closely misses you.
Unknown command.
The wandering mushroom attacks as you move away!
The wandering mushroom releases spores at you.
You are engulfed in a cloud of spores!
The wandering mushroom attacks as you move away!
The wandering mushroom barely misses you.
The oklob plant spits acid at you. The splash of acid hits you!!
Ouch! That really hurt!
You die...

########.# ##.##.##.#.#
#........#
########..#.##.#.#
#.######## #.........#.# #.#
#.# #...........# #.# #.#
#...........# #.# #.#
#...........#
#.##############f..........#
).............f...P.......>#
#.##############@..........#
#.# #f..........# #.#
#........#### #.# #........#
#.# #........# #.#
########## #.# ..# ###


You could see an oklob plant (inner flame) and 3 wandering mushrooms.

Vanquished Creatures
  Pargi (D:3)
  2 ogres (D:4)
  A hound (D:4)
  An iguana (D:4)
  An orc wizard (D:2)
  7 gnolls
  3 adders
  2 dart slugs
  5 orcs
  8 ball pythons
  6 endoplasms
  3 giant cockroaches
  7 goblins
  6 hobgoblins
  2 jackals (D:3)
  2 quokkas
  5 bats
  3 frilled lizards
  5 kobolds
  8 rats
78 creatures vanquished.

Vanquished Creatures (collateral kills)
  4 foxfires (D:3)
4 creatures vanquished.

Vanquished Creatures (others)
  562 foxfires
562 creatures vanquished.

Grand Total: 644 creatures vanquished

Notes
Turn   | Place    | Note
-------+----------+-------------------------------------------
     0 | D:1      | Hubjo the Deep Elf Fire Elementalist began the quest for
                  | the Orb.
     0 | D:1      | Reached XP level 1. HP: 10/10 MP: 6/6
   393 | D:1      | Reached XP level 2. HP: 16/16 MP: 4/8
   482 | D:1      | Found Foasch's Assorted Antiques.
   697 | D:1      | Reached skill level 1 in Fighting
  1565 | D:2      | Reached XP level 3. HP: 20/20 MP: 0/9
  2882 | D:2      | Reached XP level 4. HP: 20/26 MP: 3/11
  3197 | D:3      | Found a faded altar of an unknown god.
  3205 | D:3      | Noticed Pargi
  3217 | D:3      | Killed Pargi
  3218 | D:3      | Reached XP level 5. HP: 17/31 MP: 0/13
  3862 | D:3      | Prayed at the altar of an unknown god.
  3862 | D:3      | Became a worshipper of Fedhas Madash
  3862 | D:3      | Reached * piety under Fedhas
  3888 | D:3      | Fell from the grace of Fedhas
  4025 | D:3      | Found a glowing golden altar of the Shining One.
  4100 | D:3      | Became a worshipper of the Shining One
  4834 | D:4      | Noticed an ogre
  4840 | D:4      | Killed an ogre
  4841 | D:4      | Reached XP level 6. HP: 34/36 MP: 9/15
  4846 | D:4      | Learned a level 4 spell: Flame Wave
  5118 | D:4      | Noticed Duvessa
  5118 | D:4      | Noticed Dowan
  5122 | D:4      | Reached skill level 5 in Spellcasting
  5122 | D:4      | Reached skill level 5 in Fire Magic
  5252 | D:4      | Found an iron altar of Okawaru.
  5420 | D:4      | Found a sparkling altar of Nemelex Xobeh.
  6347 | D:4      | Reached XP level 7. HP: 25/41 MP: 10/16
  6497 | D:4      | Noticed a wandering mushroom
  6497 | D:4      | Noticed a wandering mushroom
  6497 | D:4      | Noticed a wandering mushroom
  6497 | D:4      | Noticed an oklob plant
  6500 | D:4      | Killed from afar by an oklob plant

Illustrated notes

Levels and vault maps discovered:
D:1:      dpeg_arrival_rooms_c, layout_basic, serial_shops,
          nicolae_shop_overgrown_old_shop, minmay_misc_feat_square
D:2:      layout_basic, minmay_misc_feat_pillars
D:3:      layout_loops_ring, lemuel_round_altar,
          hellmonk_ecumenical_altar_crossroads, dreamdust_princess_bridge,
          uniq_pargi
D:4:      layout_basic, lemuel_coloured_pillars_altar,
          kennysheep_okawaru_gauntlet, uniq_duvessa

Skill      XL: |  1  2  3  4  5  6 |
---------------+-------------------+-----
Fighting       | 1 2 3 |  3.1
Stealth        | 3 4 |  4.8
Spellcasting   | 4 5 |  5.3
Fire Magic     | 4 5 |  5.5
Dodging        | |  2.4
Conjurations   | |  1.1

Action                   |  1- 3 |  4- 6 |  7- 9 || total
-------------------------+-------+-------+-------++-------
Melee: Short sword       |       |     6 |       ||     6
 Cast: Foxfire           |   151 |   181 |     4 ||   336
Invok: Renounce Religion |       |     1 |       ||     1
  Use: Scroll            |     4 |     4 |     1 ||     9
       Potion            |       |     2 |       ||     2
Armor: Robe              |     4 |    10 |       ||    14
Dodge: Dodged            |    13 |    47 |     4 ||    64

Table legend: (Time is in decaauts)
 A = Elapsed time spent in this place.
 B = Non-inter-level travel time spent in this place.
 C = Inter-level travel time spent in this place.
 D = Time resting spent in this place.
 E = Time spent auto-exploring this place.
 F = Levels seen in this place.
 G = Mean time per level.
                   A        B        C        D        E       F      G
               +--------+--------+--------+--------+--------+-----+--------+
         Total |   6501 |   6323 |    178 |    750 |   4802 |   4 | 1625.2 |
       Dungeon |   6501 |   6323 |    178 |    750 |   4802 |   4 | 1625.2 |
               +--------+--------+--------+--------+--------+-----+--------+

Top non-repeatable levels by time:
     D:2: 1758 daAuts
     D:3: 1707 daAuts
     D:4: 1693 daAuts
     D:1: 1341 daAuts
